 Dungeon Crawl Stone Soup version 0.31-a0-180-g519b7de00c (webtiles) character file.

Game seed: 2195738147214827599

25348 qw the Cleaver (level 13, -2/123 HPs)
             Began as a Gargoyle Fighter on June 19, 2023.
             Was an Elder of Okawaru.
             Slain by a swamp worm (6 damage)
             ... on level 4 of the Lair of Beasts.
             The game lasted 00:08:41 (16895 turns).

qw the Cleaver (Gargoyle Fighter)                  Turns: 16895, Time: 00:08:41

Health: -2/123     AC: 31    Str: 24    XL:     13   Next: 19%
Magic:  20/20      EV: 10    Int: 16    God:    Okawaru [****..]
Gold:   682        SH:  6    Dex: 12    Spells: 12/12 levels left

rFire   . . .        Y - +2 war axe
rCold   + . .        c - +0 buckler
rNeg    + . .        t - +0 plate armour
rPois   inf          e - +0 helmet
rElec   +            l - +0 cloak
rCorr   .            (no gloves)
SInv    .            u - +0 pair of boots
Will    .....        b - amulet of faith Stlth
                     j - ring "Aruek" {rPois rC+ Int+6 Dex+3}
HPRegen 0.40/turn    (no ring)
MPRegen 0.17/turn

%: faith
@: berserking, heroic, slow
A: sickness immunity, AC +9, negative energy resistance 1, electricity
resistance, torment resistance 1, petrification resistance
a: Renounce Religion, Heroism, Finesse


You were on level 4 of the Lair of Beasts.
You worshipped Okawaru.
Okawaru was greatly pleased with you.
You visited 3 branches of the dungeon, and saw 14 of its levels.
You also visited: Ossuary.

You collected 799 gold pieces.
You spent 117 gold pieces at shops.


Innate Abilities, Weirdness & Mutations

You are immune to sickness and miasma.
Your stone body is resilient. (AC +9)
You are immune to poison.
You resist negative energy. (rN+)
You are resistant to electric shocks. (rElec)
You are resistant to unholy torment.
You are immune to petrification.


   Skills:
 - Level 10.0(15.0) Fighting
 - Level 13.2(18.2) Axes
 + Level 3.6(8.6) Throwing
 - Level 10.1(15.1) Armour
 - Level 2.7(7.7) Dodging
 - Level 6.1(11.1) Shields
 - Level 10.0 Invocations


You had 12 spell levels left.
You didn't know any spells.
Your spell library was empty.

Inventory:

Hand Weapons
 k - the +3 whip of Foruw {flame, rElec rCorr Str+4 Stlth-}
   (You found it on level 2 of the Dungeon)

   Str:       It affects your strength (+4).
   rElec:     It insulates you from electricity.
   rCorr:     It protects you from acid and corrosion.
   Stlth:     It makes you less stealthy.
 o - a +0 flail
 v - a +6 broad axe of distortion
 Y - a +2 war axe (weapon)
Missiles
 i - 3 javelins (quivered)
Armour
 c - a +0 buckler (worn)
 e - a +0 helmet (worn)
 l - a +0 cloak (worn)
 t - a +0 plate armour (worn)
 u - a +0 pair of boots (worn)
Jewellery
 b - an amulet of faith (around neck)
 h - a ring of fire
 j - the ring "Aruek" (left hand) {rPois rC+ Int+6 Dex+3}
   (You found it on level 9 of the Dungeon)

   [ring of intelligence]

   Int:       It affects your intelligence (+6).
   Dex:       It affects your dexterity (+3).
   rC:        It protects you from cold.
   rPois:     It protects you from poison.
 p - an amulet of the acrobat
 w - a ring of resist corrosion
Wands
 a - a wand of digging (7)
Scrolls
 s - 3 scrolls of identify
 x - a scroll of teleportation
Potions
 d - 4 potions of might
 f - 2 potions of lignification
 g - a potion of enlightenment
 m - 6 potions of curing
 n - a potion of haste
 q - a potion of attraction
 r - 3 potions of mutation

Dungeon Overview and Level Annotations

Branches:
Dungeon (9/15)             Temple (1/1) D:4            Lair (4/5) D:9
  Swamp (0/4) Lair:2        Snake (0/4) Lair:3      Ossuary (visited)
  Slime: Lair:4-5       Orc: D:9-12

Altars:
Ashenzari
Cheibriados
Elyvilon
Fedhas
Gozag
Hepliaklqana
Kikubaaqudgha
Makhleb
Okawaru
Qazlal
Ru
Sif Muna
Trog
Uskayaw
Vehumet
Wu Jian
Xom
Yredelemnul
Zin
The Shining One

Shops:
D:9 *

Annotations:
D:2 1 runed translucent door, Crazy Yiuf
D:5 3 runed translucent doors, qw's ghost, novice GrFi
D:7 1 runed translucent door
D:9 exclusion: ice statue


Message History

The swamp worm barely misses you.
You hit the swamp worm.
The swamp worm is lightly wounded.
You closely miss the swamp worm. You hit the plant.
The swamp worm bites you but does no damage.
The swamp worm bites you. x2
Your unstable footing causes you to fumble your attack.
The swamp worm bites you but does no damage.
The swamp worm bites you. The swamp worm bites you!!
Your unstable footing causes you to fumble your attack.
A nearby plant withers and dies.
The swamp worm closely misses you. x2
You closely miss the swamp worm.
The swamp worm is lightly wounded.
You hit the moth of wrath.
You hit the swamp worm but do no damage.
The swamp worm bites you but does no damage.
The moth of wrath bites you. The moth of wrath infuriates you!
A red film seems to cover your vision as you go berserk!
You feel yourself moving faster!
You feel mighty! The swamp worm bites you!!
The swamp worm bites you but does no damage.
You slash the moth of wrath!
The moth of wrath is moderately wounded.
You slash the swamp worm! You closely miss the swamp worm.
The swamp worm bites you but does no damage.
The moth of wrath barely misses you. The swamp worm bites you!
You slice the moth of wrath!!
The moth of wrath is severely wounded.
You slice the swamp worm!! x2
The swamp worm bites you but does no damage.
The moth of wrath barely misses you.
Your unstable footing causes you to fumble your attack.
The swamp worm bites you! The swamp worm barely misses you.
You barely miss the swamp worm.
The swamp worm is almost dead.
You slash the moth of wrath!
You kill the moth of wrath!
Okawaru accepts your kill.
You closely miss the swamp worm. The swamp worm closely misses you.
The swamp worm bites you.
You die...

#......~~## ~~.
##..##~~~# ~~
#..##~~## ## ~
##..#.~~# ~~
#.....~~## ~#
##....~~~# ~~#
~~
#.....~~##~##~~.
#...##.~~~~P~~..
#..###.~@w~~~~.?
#..P#..~~w~~~..#
#...#.....~~...#
#...##...##.....
#..P##...# #...#
#...#....# ...#
###P.# ..# ##..
.. ...


You could see 2 swamp worms.

Vanquished Creatures
  Harold (D:9)
  Fannar (Lair:1)
  A hydra (Lair:1)
  A two-headed ogre (D:5)
  Erica (Lair:1)
  Urug (D:9)
  Nergalle (Lair:2)
  2 bog bodies (Lair:2)
  Pikel (D:4)
  3 black mambas
  A salamander (Lair:3)
  A moth of wrath (Lair:4)
  14 elephants
  Joseph (D:7)
  3 komodo dragons (Lair:3)
  Maggie (D:6)
  A kobold demonologist (D:9)
  9 cane toads
  A rime drake (Lair:3)
  Grinder (D:4)
  5 blink frogs (Lair:1)
  A shadow (D:9)
  A wyvern (D:8)
  Grum (D:8)
  7 yaks
  3 basilisks
  A steam dragon (D:7)
  A swamp worm (Lair:4)
  14 water moccasins
  Duvessa (D:7)
  A black bear (Lair:3)
  A sky beast (D:6)
  3 orc warriors
  An ice beast (D:6)
  6 wolves
  2 centaurs
  2 ogres
  A phantom (D:6)
  A lemure (D:4)
  4 kobold brigands
  7 bullfrogs
  A gnoll sergeant (D:5)
  6 scorpions
  10 wights
  Dowan (D:7)
  4 killer bees (D:9)
  A vampire bat (D:8)
  2 howler monkeys (D:6)
  An electric eel (D:8)
  2 lava snakes (Lair:3)
  A centaur zombie (Ossuary)
  2 human zombies
  6 hounds
  3 jellies
  3 orc priests
  4 iguanas
  Ijyb (D:3)
  3 orc wizards
  7 hell rats (Lair:3)
  4 mummies
  3 gnolls (D:5)
  9 adders
  2 shadow imps
  4 white imps
  An ufetubus (D:6)
  3 worms (D:3)
  3 dart slugs
  17 orcs
  9 endoplasms
  4 giant cockroaches
  A gnoll zombie (Ossuary)
  4 goblins
  6 hobgoblins
  7 jackals (D:1)
  24 kobolds
  5 quokkas
  6 ball pythons
  10 bats
  A frilled lizard (D:1)
  2 goblin zombies (Ossuary)
  3 orc zombies (Ossuary)
  7 rats
303 creatures vanquished.

Vanquished Creatures (others)
  A wizard (D:7)
1 creature vanquished.

Grand Total: 304 creatures vanquished

Notes
Turn   | Place    | Note
-------+----------+-------------------------------------------
     0 | D:1      | qw the Gargoyle Fighter began the quest for the Orb.
     0 | D:1      | Reached XP level 1. HP: 14/14 MP: 1/1
     0 | D:1      | 0 ||| qw: Version: 0.3-a-7-ge0c9b40
     0 | D:1      | 0 ||| qw: Game counter: 1035
     0 | D:1      | 0 ||| qw: Always use a shield: true
     0 | D:1      | 0 ||| qw: God list: Okawaru
     0 | D:1      | 0 ||| qw: Allow faded altars: false
     0 | D:1      | 0 ||| qw: Do Orc after D:15 true
     0 | D:1      | 0 ||| qw: Do second Lair branch before Depths: true
     0 | D:1      | 0 ||| qw: Lair rune preference: random
     0 | D:1      | 0 ||| qw: Plans: Normal, Zot:1-4, Slime:5, God:TSO, Crypt,
                  | Tomb, Abyss, Pan, Hells, Win
     0 | D:1      | 0 ||| PLANNING D:1-11
    51 | D:1      | Reached skill level 2 in Axes
    89 | D:1      | HP: 3/14 [quokka (3)]
   168 | D:1      | Reached XP level 2. HP: 17/19 MP: 2/2
   186 | D:1      | 186 ||| Stepping ~*~*~tactically~*~*~ (stealth).
   496 | D:1      | 496 ||| Stepping ~*~*~tactically~*~*~ (stealth).
   497 | D:1      | 497 ||| Stepping ~*~*~tactically~*~*~ (stealth).
   502 | D:1      | 502 ||| Stepping ~*~*~tactically~*~*~ (stealth).
   506 | D:1      | Reached skill level 3 in Axes
   545 | D:1      | Reached XP level 3. HP: 23/23 MP: 3/3
   955 | D:1      | 955 ||| UPGRADING to +0 helmet.
   960 | D:1      | 960 ||| READING scroll labelled ZETTAQ DEATYUS.
   961 | D:1      | 961 ||| READING 2 scrolls labelled FEYJEUH NIRURPHODOA.
   962 | D:1      | 962 ||| DRINKING 2 brown potions.
   963 | D:1      | 963 ||| DRINKING 2 glowing emerald potions.
   964 | D:1      | 964 ||| DRINKING 2 dark potions.
   965 | D:1      | 965 ||| DRINKING potion of curing.
   965 | D:1      | 965 ||| (to cure confusion)
   966 | D:1      | 966 ||| DROPPING scroll of immolation.
   967 | D:1      | 967 ||| DROPPING potion of degeneration.
   968 | D:1      | 968 ||| DROPPING potion of ambrosia.
  1101 | D:2      | 1101 ||| Stepping ~*~*~tactically~*~*~ (stealth).
  1102 | D:2      | 1102 ||| Stepping ~*~*~tactically~*~*~ (stealth).
  1224 | D:2      | 1224 ||| Stepping ~*~*~tactically~*~*~ (stealth).
  1228 | D:2      | 1228 ||| Stepping ~*~*~tactically~*~*~ (stealth).
  1229 | D:2      | 1229 ||| Stepping ~*~*~tactically~*~*~ (stealth).
  1235 | D:2      | Reached XP level 4. HP: 27/28 MP: 4/4
  1386 | D:2      | Found a runed translucent door.
  1387 | D:2      | Noticed Crazy Yiuf
  1487 | D:2      | Identified the +3 whip of Foruw {flame, rElec rCorr Str+4
                  | Stlth-}
  1489 | D:2      | 1489 ||| DROPPING +0 club.
  1556 | D:2      | Reached skill level 4 in Axes
  1756 | D:2      | 1756 ||| UPGRADING to +0 chain mail.
  1766 | D:2      | 1766 ||| DROPPING +0 scale mail.
  1767 | D:2      | 1767 ||| READING scroll labelled TAUKKAHAEM.
  1768 | D:2      | 1768 ||| READING 3 scrolls labelled YRIDOR KOUPSUATHIO.
  1852 | D:2      | 1852 ||| READING scroll labelled LUYRIPT MOFIEK.
  1853 | D:2      | 1853 ||| READING scroll labelled BUV PASAQUCK.
  1918 | D:3      | Noticed Ijyb
  1929 | D:3      | HP: 5/28 [Ijyb/+2 dagger of flaming (5)]
  1930 | D:3      | 1930 ||| READING 2 scrolls of teleportation.
  1932 | D:3      | HP: 2/28 [Ijyb/+2 dagger of flaming (1)]
  2204 | D:3      | Killed Ijyb
  2205 | D:3      | Reached XP level 5. HP: 23/32 MP: 5/5
  2247 | D:3      | Found a snail-covered altar of Cheibriados.
  2263 | D:3      | 2263 ||| READING scroll labelled IQUNEL GOY.
  2381 | D:3      | Reached skill level 5 in Axes
  2401 | D:3      | 2401 ||| Stepping ~*~*~tactically~*~*~ (stealth).
  2403 | D:3      | 2403 ||| Stepping ~*~*~tactically~*~*~ (stealth).
  2422 | D:3      | 2422 ||| Stepping ~*~*~tactically~*~*~ (stealth).
  2507 | D:3      | 2507 ||| Stepping ~*~*~tactically~*~*~ (stealth).
  2508 | D:3      | 2508 ||| Stepping ~*~*~tactically~*~*~ (stealth).
  2615 | D:3      | 2615 ||| Stepping ~*~*~tactically~*~*~ (hiding).
  3115 | D:3      | 3115 ||| DROPPING +6 ring of intelligence.
  3116 | D:3      | 3116 ||| READING scroll labelled MOOL CENTOCSIDAFF.
  3117 | D:3      | 3117 ||| READING scroll labelled SIHEURRU GUAPRE.
  3163 | D:4      | Found a staircase to the Ecumenical Temple.
  3164 | D:4      | 3164 ||| PLANNING TEMPLE
  3176 | D:4      | Reached XP level 6. HP: 39/39 MP: 6/6
  3178 | Temple   | Entered the Ecumenical Temple
  3186 | Temple   | 3186 ||| PLANNING OKAWARU WORSHIP
  3339 | Temple   | Became a worshipper of Warmaster Okawaru
  3340 | Temple   | 3340 ||| PLANNING D:1-11
  3383 | D:4      | Found a blossoming altar of Fedhas.
  3413 | D:4      | Noticed Pikel
  3414 | D:4      | 3414 ||| FLEEEEING.
  3416 | D:4      | 3416 ||| FLEEEEING.
  3417 | D:4      | 3417 ||| FLEEEEING.
  3418 | D:4      | 3418 ||| FLEEEEING.
  3419 | D:4      | 3419 ||| FLEEEEING.
  3420 | D:4      | 3420 ||| FLEEEEING.
  3421 | D:4      | 3421 ||| FLEEEEING.
  3450 | D:4      | Killed Pikel
  3450 | D:4      | Reached * piety under Okawaru
  3451 | D:4      | Reached skill level 7 in Axes
  3451 | D:4      | Reached XP level 7. HP: 18/44 MP: 7/7
  3451 | D:4      | 3451 ||| FLEEEEING.
  3452 | D:4      | 3452 ||| FLEEEEING.
  3453 | D:4      | 3453 ||| FLEEEEING.
  3454 | D:4      | 3454 ||| FLEEEEING.
  3455 | D:4      | 3455 ||| FLEEEEING.
  3456 | D:4      | 3456 ||| FLEEEEING.
  3457 | D:4      | 3457 ||| FLEEEEING.
  3458 | D:4      | 3458 ||| INVOKING Heroism.
  3690 | D:4      | Noticed Grinder
  3691 | D:4      | 3691 ||| INVOKING Heroism.
  3702 | D:4      | 3702 ||| INVOKING Heroism.
  3706 | D:4      | 3706 ||| Stepping ~*~*~tactically~*~*~ (hiding).
  3709 | D:4      | 3709 ||| Stepping ~*~*~tactically~*~*~ (hiding).
  3713 | D:4      | 3713 ||| INVOKING Heroism.
  3714 | D:4      | Killed Grinder
  3715 | D:4      | Reached XP level 8. HP: 48/48 MP: 3/8
  3971 | D:4      | 3971 ||| INVOKING Heroism.
  3978 | D:4      | Reached skill level 1 in Invocations
  4166 | D:4      | 4166 ||| Stepping ~*~*~tactically~*~*~ (hiding).
  4167 | D:4      | 4167 ||| Stepping ~*~*~tactically~*~*~ (hiding).
  4168 | D:4      | 4168 ||| Stepping ~*~*~tactically~*~*~ (hiding).
  4408 | D:4      | 4408 ||| UPGRADING to +0 cloak.
  4413 | D:4      | 4413 ||| READING scroll labelled JIABAK KIUKEIC FIL.
  4439 | D:5      | Entered Level 5 of the Dungeon
  4439 | D:5      | Noticed a two-headed ogre
  4440 | D:5      | 4440 ||| INVOKING Heroism.
  4451 | D:5      | Killed a two-headed ogre
  4451 | D:5      | Reached ** piety under Okawaru
  4452 | D:5      | Reached skill level 6 in Fighting
  4475 | D:5      | 4475 ||| STAIRDANCE
  4557 | D:5      | Reached XP level 9. HP: 54/56 MP: 12/12
  4570 | D:5      | 4570 ||| Stepping ~*~*~tactically~*~*~ (stealth).
  4703 | D:5      | 4703 ||| Stepping ~*~*~tactically~*~*~ (stealth).
  4708 | D:5      | Found a radiant altar of Vehumet.
  4713 | D:5      | 4713 ||| Stepping ~*~*~tactically~*~*~ (stealth).
  4714 | D:5      | 4714 ||| Stepping ~*~*~tactically~*~*~ (stealth).
  4715 | D:5      | 4715 ||| Stepping ~*~*~tactically~*~*~ (stealth).
  4716 | D:5      | 4716 ||| Stepping ~*~*~tactically~*~*~ (stealth).
  4717 | D:5      | 4717 ||| Stepping ~*~*~tactically~*~*~ (stealth).
  4761 | D:5      | 4761 ||| Stepping ~*~*~tactically~*~*~ (stealth).
  4785 | D:5      | Reached skill level 8 in Axes
  4799 | D:5      | 4799 ||| Stepping ~*~*~tactically~*~*~ (stealth).
  4804 | D:5      | 4804 ||| Stepping ~*~*~tactically~*~*~ (stealth).
  4809 | D:5      | 4809 ||| Stepping ~*~*~tactically~*~*~ (stealth).
  4993 | D:5      | 4993 ||| Stepping ~*~*~tactically~*~*~ (stealth).
  4996 | D:5      | 4996 ||| Stepping ~*~*~tactically~*~*~ (hiding).
  5065 | D:5      | 5065 ||| Stepping ~*~*~tactically~*~*~ (hiding).
  5066 | D:5      | 5066 ||| Stepping ~*~*~tactically~*~*~ (hiding).
  5174 | D:5      | Noticed qw's ghost (novice GrFi)
  5236 | D:5      | Found a runed translucent gate.
  5237 | D:5      | Found a runed translucent gate.
  5265 | D:5      | Found a runed translucent gate.
  5805 | D:5      | 5805 ||| UPGRADING to amulet of the acrobat.
  5810 | D:5      | 5810 ||| READING 2 scrolls labelled EHACAE TOICLIG.
  5811 | D:5      | 5811 ||| READING scroll labelled RUUTAL YMAOREMEC.
  5849 | D:5      | 5849 ||| DROPPING scroll of vulnerability.
  5861 | D:6      | 5861 ||| PLANNING OSSUARY
  6007 | D:6      | Found a sand-covered staircase.
  6018 | Ossuary  | Entered an ossuary
  6119 | Ossuary  | 6119 ||| FLEEEEING.
  6120 | Ossuary  | 6120 ||| FLEEEEING.
  6121 | Ossuary  | 6121 ||| FLEEEEING.
  6122 | Ossuary  | 6122 ||| FLEEEEING.
  6123 | Ossuary  | 6123 ||| FLEEEEING.
  6124 | Ossuary  | 6124 ||| FLEEEEING.
  6125 | Ossuary  | 6125 ||| FLEEEEING.
  6126 | Ossuary  | 6126 ||| FLEEEEING.
  6127 | Ossuary  | 6127 ||| FLEEEEING.
  6128 | Ossuary  | 6128 ||| FLEEEEING.
  6129 | Ossuary  | 6129 ||| FLEEEEING.
  6314 | Ossuary  | 6314 ||| DRINKING 3 golden potions.
  6315 | Ossuary  | 6315 ||| DRINKING 2 orange potions.
  6316 | Ossuary  | 6316 ||| DRINKING 2 cyan potions.
  6335 | D:6      | 6335 ||| PLANNING D:1-11
  6442 | D:6      | 6442 ||| Stepping ~*~*~tactically~*~*~ (stealth).
  6444 | D:6      | 6444 ||| Stepping ~*~*~tactically~*~*~ (stealth).
  6446 | D:6      | 6446 ||| INVOKING Heroism.
  6475 | D:6      | 6475 ||| INVOKING Heroism.
  6482 | D:6      | Reached skill level 9 in Axes
  6668 | D:6      | 6668 ||| INVOKING Heroism.
  6731 | D:6      | Identified the +1 leather armour of Plog {Rampage rPois
                  | Will- Int+4}
  6756 | D:6      | Noticed Maggie
  6757 | D:6      | 6757 ||| Stepping ~*~*~tactically~*~*~ (hiding).
  6758 | D:6      | 6758 ||| Stepping ~*~*~tactically~*~*~ (hiding).
  6777 | D:6      | 6777 ||| INVOKING Heroism.
  6786 | D:6      | Killed Maggie
  7015 | D:6      | Reached XP level 10. HP: 49/63 MP: 13/13
  7017 | D:6      | 7017 ||| INVOKING Heroism.
  7126 | D:6      | Found a hazy altar of Hepliaklqana.
  7216 | D:6      | 7216 ||| Stepping ~*~*~tactically~*~*~ (stealth).
  7576 | D:6      | 7576 ||| UPGRADING to +0 plate armour.
  7586 | D:6      | 7586 ||| DROPPING +0 chain mail.
  7587 | D:6      | 7587 ||| READING 2 scrolls of identify.
  7587 | D:6      | 7587 ||| IDENTIFYING yellow potion
  7588 | D:6      | 7588 ||| DROPPING potion of invisibility.
  7611 | D:7      | Noticed Dowan
  7624 | D:7      | 7624 ||| INVOKING Heroism.
  7626 | D:7      | Reached skill level 6 in Armour
  7629 | D:7      | Reached skill level 10 in Axes
  7629 | D:7      | Killed Dowan
  7709 | D:7      | Noticed Duvessa
  7710 | D:7      | 7710 ||| FLEEEEING.
  7714 | D:7      | 7714 ||| STAIRDANCE
  7772 | D:7      | 7772 ||| Stepping ~*~*~tactically~*~*~ (stealth).
  7773 | D:7      | 7773 ||| INVOKING Heroism.
  7794 | D:7      | Killed Duvessa
  8004 | D:7      | Reached *** piety under Okawaru
  8109 | D:7      | Found a runed translucent door.
  8112 | D:7      | 8112 ||| UPGRADING to amulet of faith.
  8130 | D:7      | Found a basalt altar of Yredelemnul.
  8158 | D:7      | 8158 ||| Stepping ~*~*~tactically~*~*~ (stealth).
  8160 | D:7      | 8160 ||| INVOKING Heroism.
  8203 | D:7      | 8203 ||| INVOKING Heroism.
  8328 | D:7      | Found a burning altar of Makhleb.
  8535 | D:7      | 8535 ||| INVOKING Heroism.
  8654 | D:7      | Found a bloodstained altar of Trog.
  8656 | D:7      | Noticed a wizard
  8660 | D:7      | Killed a wizard
  8730 | D:7      | Noticed Joseph
  8737 | D:7      | 8737 ||| INVOKING Heroism.
  8744 | D:7      | Killed Joseph
  8887 | D:7      | 8887 ||| READING scroll labelled QUH HEOSMEULO.
  8988 | D:7      | 8988 ||| DRINKING 2 smoky dark potions.
  8989 | D:7      | 8989 ||| READING 2 scrolls of identify.
  8989 | D:7      | 8989 ||| IDENTIFYING green potion
  8990 | D:7      | 8990 ||| DROPPING potion of brilliance.
  9219 | D:8      | Found an ancient bone altar of Kikubaaqudgha.
  9325 | D:8      | 9325 ||| INVOKING Heroism.
  9442 | D:8      | Found an opulent altar of Gozag.
  9443 | D:8      | Found a hide-covered altar of Uskayaw.
  9474 | D:8      | Noticed Grum
  9475 | D:8      | 9475 ||| Stepping ~*~*~tactically~*~*~ (stealth).
  9476 | D:8      | 9476 ||| INVOKING Heroism.
  9494 | D:8      | HP: 15/64 [Grum/+1 spear (13)]
  9495 | D:8      | 9495 ||| READING 5 scrolls of teleportation.
  9496 | D:8      | 9496 ||| DRINKING 4 potions of heal wounds.
  9723 | D:8      | Found a shimmering altar of Xom.
 10005 | D:8      | 10005 ||| Stepping ~*~*~tactically~*~*~ (hiding).
 10018 | D:8      | Reached skill level 1 in Throwing
 10067 | D:8      | 10067 ||| Stepping ~*~*~tactically~*~*~ (stealth).
 10068 | D:8      | 10068 ||| Stepping ~*~*~tactically~*~*~ (stealth).
 10069 | D:8      | 10069 ||| INVOKING Heroism.
 10081 | D:8      | Killed Grum
 10214 | D:8      | 10214 ||| INVOKING Heroism.
 10485 | D:9      | Noticed an ice statue
 10486 | D:9      | 10486 ||| INVOKING Heroism.
 10492 | D:9      | 10492 ||| Stepping ~*~*~tactically~*~*~ (cloud).
 10508 | D:9      | 10508 ||| INVOKING Heroism.
 10511 | D:9      | 10511 ||| Stepping ~*~*~tactically~*~*~ (cloud).
 10737 | D:9      | 10737 ||| INVOKING Heroism.
 10798 | D:9      | Noticed a kobold demonologist
 10800 | D:9      | 10800 ||| Stepping ~*~*~tactically~*~*~ (stealth).
 10801 | D:9      | 10801 ||| Stepping ~*~*~tactically~*~*~ (stealth).
 10803 | D:9      | 10803 ||| Stepping ~*~*~tactically~*~*~ (stealth).
 10811 | D:9      | Killed a kobold demonologist
 10812 | D:9      | Reached skill level 11 in Axes
 10812 | D:9      | Reached XP level 11. HP: 68/68 MP: 14/14
 11082 | D:9      | 11082 ||| Stepping ~*~*~tactically~*~*~ (stealth).
 11084 | D:9      | Noticed Harold
 11085 | D:9      | 11085 ||| INVOKING Heroism.
 11119 | D:9      | Killed Harold
 11119 | D:9      | Reached **** piety under Okawaru
 11120 | D:9      | Reached skill level 9 in Fighting
 11126 | D:9      | 11126 ||| INVOKING Heroism.
 11243 | D:9      | 11243 ||| Stepping ~*~*~tactically~*~*~ (stealth).
 11256 | D:9      | 11256 ||| INVOKING Heroism.
 11403 | D:9      | Found Fasoucrosh's General Store.
 11407 | D:9      | Found a sacrificial altar of Ru.
 11410 | D:9      | 11410 ||| BUYING 2 potions of curing (78 gold).
 11410 | D:9      | Bought 2 potions of curing for 78 gold pieces
 11410 | D:9      | 11410 ||| BUYING scroll of teleportation (39 gold).
 11410 | D:9      | Bought a scroll of teleportation for 39 gold pieces
 11415 | D:9      | 11415 ||| READING scroll labelled KUOZAH JEVERI.
 11447 | D:9      | Identified the ring "Aruek" {rPois rC+ Int+6 Dex+3}
 11526 | D:9      | Found a staircase to the Lair.
 11859 | D:9      | 11859 ||| PLANNING LAIR
 11859 | D:9      | 11859 ||| UPGRADING to +0 pair of boots.
 11864 | D:9      | 11864 ||| UPGRADING to ring "Aruek" {rPois rC+ Int+6
                  | Dex+3}.
 11917 | Lair:1   | Entered Level 1 of the Lair of Beasts
 11918 | Lair:1   | 11918 ||| INVOKING Heroism.
 11920 | Lair:1   | Noticed Urug
 11936 | Lair:1   | 11936 ||| STAIRDANCE
 11944 | D:9      | HP: 16/71 [Urug/+0 double sword (5)]
 11945 | D:9      | 11945 ||| READING 5 scrolls of teleportation.
 11946 | D:9      | 11946 ||| DRINKING 5 potions of heal wounds.
 11996 | D:9      | 11996 ||| INVOKING Heroism.
 11998 | D:9      | 11998 ||| Stepping ~*~*~tactically~*~*~ (hiding).
 12005 | D:9      | Killed Urug
 12124 | Lair:1   | 12124 ||| Stepping ~*~*~tactically~*~*~ (stealth).
 12126 | Lair:1   | 12126 ||| Stepping ~*~*~tactically~*~*~ (stealth).
 12127 | Lair:1   | 12127 ||| Stepping ~*~*~tactically~*~*~ (stealth).
 12148 | Lair:1   | Reached ***** piety under Okawaru
 12149 | Lair:1   | Reached skill level 6 in Invocations
 12165 | Lair:1   | Noticed Fannar
 12167 | Lair:1   | 12167 ||| FLEEEEING.
 12168 | Lair:1   | 12168 ||| FLEEEEING.
 12169 | Lair:1   | 12169 ||| FLEEEEING.
 12170 | Lair:1   | 12170 ||| FLEEEEING.
 12171 | Lair:1   | 12171 ||| FLEEEEING.
 12172 | Lair:1   | 12172 ||| FLEEEEING.
 12173 | Lair:1   | 12173 ||| FLEEEEING.
 12174 | Lair:1   | 12174 ||| STAIRDANCE
 12290 | Lair:1   | 12290 ||| INVOKING Heroism.
 12305 | Lair:1   | Killed Fannar
 12463 | Lair:1   | 12463 ||| INVOKING Heroism.
 12468 | Lair:1   | Reached skill level 3 in Throwing
 12592 | Lair:1   | 12592 ||| INVOKING Heroism.
 12644 | Lair:1   | 12644 ||| INVOKING Heroism.
 12751 | Lair:1   | 12751 ||| INVOKING Heroism.
 12766 | Lair:1   | Identified the +1 ring mail of Loss {rElec rC- Int+2
                  | Stlth+} (Okawaru gifted it to you on level 1 of the Lair of
                  | Beasts)
 12766 | Lair:1   | Received a gift from Okawaru
 12767 | Lair:1   | Reached XP level 12. HP: 46/76 MP: 15/17
 12872 | Lair:1   | 12872 ||| INVOKING Heroism.
 12893 | Lair:1   | Reached skill level 12 in Axes
 13267 | Lair:1   | Noticed Erica
 13268 | Lair:1   | 13268 ||| INVOKING Heroism.
 13269 | Lair:1   | 13269 ||| INVOKING Finesse.
 13324 | Lair:1   | Killed Erica
 13325 | Lair:1   | 13325 ||| DRINKING 7 potions of curing.
 13325 | Lair:1   | 13325 ||| (to cure confusion)
 13445 | Lair:2   | 13445 ||| READING scroll of enchant weapon.
 13445 | Lair:2   | 13445 ||| ENCHANTING +1 war axe.
 13489 | Lair:2   | Noticed Nergalle
 13490 | Lair:2   | 13490 ||| INVOKING Heroism.
 13508 | Lair:2   | Killed Nergalle
 13509 | Lair:2   | Reached skill level 9 in Invocations
 13534 | Lair:2   | 13534 ||| Stepping ~*~*~tactically~*~*~ (hiding).
 13580 | Lair:2   | You fall into a shaft and drop 1 floor!
 13661 | Lair:3   | 13661 ||| INVOKING Heroism.
 13666 | Lair:3   | Reached skill level 9 in Armour
 13822 | Lair:3   | 13822 ||| INVOKING Heroism.
 13825 | Lair:3   | 13825 ||| Stepping ~*~*~tactically~*~*~ (stealth).
 13872 | Lair:2   | HP: 19/76 [elephant (13)]
 13873 | Lair:2   | Reached skill level 6 in Shields
 13873 | Lair:2   | 13873 ||| READING 4 scrolls of teleportation.
 13873 | Lair:2   | HP: 6/76 [elephant (13)]
 13874 | Lair:2   | 13874 ||| DRINKING 4 potions of heal wounds.
 13878 | Lair:2   | 13878 ||| INVOKING Heroism.
 13888 | Lair:2   | HP: 19/76 [cane toad (10)]
 13889 | Lair:2   | 13889 ||| READING 3 scrolls of teleportation.
 13890 | Lair:2   | 13890 ||| DRINKING 3 potions of heal wounds.
 14141 | Lair:2   | Received a gift from Okawaru
 14144 | Lair:2   | Found a staircase to the Swamp.
 14152 | Lair:2   | 14152 ||| INVOKING Heroism.
 14157 | Lair:2   | HP: 15/77 [bog body (12)]
 14158 | Lair:2   | 14158 ||| READING 2 scrolls of teleportation.
 14159 | Lair:2   | 14159 ||| DRINKING 2 potions of heal wounds.
 14176 | Lair:2   | 14176 ||| INVOKING Heroism.
 14203 | Lair:2   | 14203 ||| INVOKING Heroism.
 14252 | Lair:2   | Noticed a six-headed hydra
 14253 | Lair:2   | 14253 ||| FLEEEEING.
 14254 | Lair:2   | 14254 ||| FLEEEEING.
 14255 | Lair:2   | 14255 ||| FLEEEEING.
 14256 | Lair:2   | 14256 ||| FLEEEEING.
 14257 | Lair:2   | 14257 ||| FLEEEEING.
 14258 | Lair:2   | 14258 ||| FLEEEEING.
 14259 | Lair:2   | 14259 ||| FLEEEEING.
 14260 | Lair:2   | 14260 ||| FLEEEEING.
 14261 | Lair:2   | 14261 ||| FLEEEEING.
 14262 | Lair:2   | 14262 ||| FLEEEEING.
 14263 | Lair:2   | 14263 ||| FLEEEEING.
 14264 | Lair:2   | 14264 ||| FLEEEEING.
 14265 | Lair:2   | 14265 ||| FLEEEEING.
 14266 | Lair:2   | 14266 ||| FLEEEEING.
 14267 | Lair:2   | 14267 ||| FLEEEEING.
 14268 | Lair:2   | 14268 ||| FLEEEEING.
 14269 | Lair:2   | 14269 ||| STAIRDANCE
 14393 | Lair:2   | 14393 ||| STAIRDANCE
 14395 | Lair:1   | 14395 ||| INVOKING Heroism.
 14396 | Lair:1   | 14396 ||| SWAPPING to +0 flail.
 14397 | Lair:1   | 14397 ||| INVOKING Finesse.
 14399 | Lair:1   | HP: 15/77 [six-headed hydra (5)]
 14400 | Lair:1   | 14400 ||| READING scroll of teleportation.
 14401 | Lair:1   | 14401 ||| DRINKING potion of heal wounds.
 14406 | Lair:1   | HP: 19/77 [six-headed hydra (3)]
 14407 | Lair:1   | Killed a six-headed hydra
 14408 | Lair:1   | 14408 ||| SWAPPING to +2 war axe.
 14698 | Lair:2   | 14698 ||| INVOKING Heroism.
 14699 | Lair:2   | HP: 18/77 [bog body (12)]
 14702 | Lair:2   | HP: 3/77 [bog body (13)]
 15104 | Lair:2   | 15104 ||| INVOKING Heroism.
 15106 | Lair:2   | Reached skill level 13 in Axes
 15276 | Lair:2   | Reached XP level 13. HP: 80/82 MP: 20/20
 15447 | Lair:2   | 15447 ||| READING 3 scrolls of identify.
 15447 | Lair:2   | 15447 ||| IDENTIFYING clear potion
 15490 | Lair:3   | 15490 ||| INVOKING Heroism.
 15702 | Lair:3   | 15702 ||| Stepping ~*~*~tactically~*~*~ (stealth).
 15718 | Lair:3   | 15718 ||| Stepping ~*~*~tactically~*~*~ (stealth).
 15727 | Lair:3   | 15727 ||| INVOKING Heroism.
 15986 | Lair:3   | Found a staircase to the Snake Pit.
 15987 | Lair:3   | 15987 ||| Stepping ~*~*~tactically~*~*~ (stealth).
 16094 | Lair:3   | 16094 ||| INVOKING Heroism.
 16102 | Lair:3   | HP: 20/82 [salamander/+4 trident of protection (8)]
 16102 | Lair:3   | HP: 5/82 [salamander/+4 trident of protection (15)]
 16103 | Lair:3   | 16103 ||| DRINKING potion of heal wounds.
 16106 | Lair:3   | 16106 ||| FLEEEEING.
 16107 | Lair:3   | 16107 ||| FLEEEEING.
 16285 | Lair:3   | 16285 ||| FLEEEEING.
 16286 | Lair:3   | 16286 ||| FLEEEEING.
 16289 | Lair:3   | 16289 ||| FLEEEEING.
 16321 | Lair:3   | 16321 ||| FLEEEEING.
 16324 | Lair:3   | 16324 ||| FLEEEEING.
 16334 | Lair:3   | 16334 ||| STAIRDANCE
 16390 | Lair:3   | 16390 ||| INVOKING Heroism.
 16397 | Lair:3   | 16397 ||| FLEEEEING.
 16398 | Lair:3   | 16398 ||| FLEEEEING.
 16399 | Lair:3   | 16399 ||| FLEEEEING.
 16834 | Lair:4   | 16834 ||| Stepping ~*~*~tactically~*~*~ (hiding).
 16837 | Lair:4   | 16837 ||| INVOKING Heroism.
 16876 | Lair:4   | 16876 ||| INVOKING Heroism.
 16891 | Lair:4   | HP: 27/123 [swamp worm (27)]
 16894 | Lair:4   | HP: 4/123 [swamp worm (17)]
 16895 | Lair:4   | Slain by a swamp worm

Levels and vault maps discovered:
D:1:      scummos_arrival_hexagon, layout_basic, minmay_tripent
D:2:      layout_rooms, uniq_crazy_yiuf_cottage
D:3:      layout_basic, cheibrodos_worm_habitat, nicolae_half_adder, uniq_ijyb
D:4:      layout_gridville, kennysheep_mini, minmay_temple_entry_sparse_star,
          uniq_pikel, uniq_grinder
D:5:      nicolae_cairo_tiling_large_dashed, layout_layer_cave,
          nicolae_vehumet_radiance, gammafunk_ghost_split,
          kennysheep_another_room
D:6:      minmay_inner_zag, layout_cave_pods, lemuel_crystal_altar,
          gup_ossuary_entry_pyramid, uniq_maggie
D:7:      layout_gridville, trog_wizard, dk_yredelemnul_ordeal,
          mainiacjoe_overflow_surrounded_room, uniq_joseph, uniq_duvessa
D:8:      layout_layer_cave, overflow_temple_1_default,
          mainiacjoe_overflow_alcove_1, minitemple, roderic_batcave,
          kennysheep_doodads, hex_medium, blue_anna_alchemist, uniq_grum
D:9:      layout_layer_cave, mainiacjoe_overflow_cross_hatched,
          lair_entry_dummy, serial_shops, shop, minivault_16, uniq_harold
Temple:   hellmonk_temple_forest_ring
Lair:1:   layout_cave_shapes, uniq_erica, uniq_urug, uniq_fannar
Lair:2:   layout_chaotic_city, skrybe_swamp_entry_bodies,
          infiniplex_staircase_pool_2, uniq_nergalle
Lair:3:   layout_long_grid, nicolae_snake_entry_warm_welcome,
          chequers_serial_rivers_small_b, grunt_megastairs_4
Lair:4:   layout_regular_city, minmay_stone_trees_medium, worms_lemuel,
          serial_bayou_shore_a

Skill      XL: |  1  2  3  4  5  6  7  8  9 10 11 12 13 |
---------------+----------------------------------------+-----
Axes           | 2 3 4 5 7 9 11 13 | 13.2
Fighting       | 4 6 7 8 9 10 | 10.0
Dodging        | 2 |  2.7
Invocations    | 4 7 10 | 10.0
Armour         | 5 7 8 9 10 | 10.1
Shields        | 4 5 6 |  6.1
Throwing       | 1 3 |  3.6

Action                     |  1- 3 |  4- 6 |  7- 9 | 10-12 | 13-15 || total
---------------------------+-------+-------+-------+-------+-------++-------
  Melee: War axe           |   114 |   189 |   303 |   797 |   127 ||  1530
         Flail             |       |       |       |     8 |       ||     8
  Throw: Boomerang         |       |       |       |    13 |       ||    13
         Javelin           |       |       |       |    30 |    11 ||    41
 Invoke: Heroism           |       |       |    10 |    36 |     6 ||    52
         Finesse           |       |       |       |     2 |       ||     2
    Use: Potion            |     4 |       |     3 |     8 |     1 ||    16
         Scroll            |     2 |     8 |     3 |    11 |     1 ||    25
 Armour: Scale mail        |    67 |    37 |       |       |       ||   104
         Chain mail        |       |    83 |   127 |    19 |       ||   229
         Plate armour      |       |       |       |   492 |    96 ||   588
  Dodge: Dodged            |    56 |    62 |    87 |   284 |    48 ||   537
  Block: Buckler           |    20 |    27 |    45 |   211 |    38 ||   341

Table legend:
 A = Non-vault XP
 B = Vault XP
 C = Vault XP percentage of total XP
 D = Non-vault monster count
 E = Vault monster count
 F = Vault count percentage of total count
                 A         B        C        D         E       F
            +---------+---------+-------+---------+---------+-------
      Total |   25980 |   10708 |  29.2 |     239 |      63 |  20.9
            +---------+---------+-------+---------+---------+-------
        D:1 |      36 |       3 |   7.7 |      19 |       2 |   9.5
        D:2 |      66 |       0 |   0.0 |      25 |       0 |   0.0
        D:3 |     133 |      80 |  37.6 |      17 |       5 |  22.7
        D:4 |     250 |     929 |  78.8 |       8 |       2 |  20.0
        D:5 |    1455 |       0 |   0.0 |      19 |       0 |   0.0
        D:6 |    1258 |     840 |  40.0 |      23 |       7 |  23.3
        D:7 |    1653 |     657 |  28.4 |      20 |       4 |  16.7
        D:8 |     741 |     707 |  48.8 |      15 |      12 |  44.4
        D:9 |    1446 |    1691 |  53.9 |      30 |       2 |   6.2
     Lair:1 |    8544 |    1699 |  16.6 |      26 |       2 |   7.1
     Lair:2 |    5775 |    2145 |  27.1 |      21 |       3 |  12.5
     Lair:3 |    4472 |    1165 |  20.7 |      15 |      11 |  42.3
     Lair:4 |     151 |     636 |  80.8 |       1 |       2 |  66.7
    Ossuary |       0 |     156 | 100.0 |       0 |      11 | 100.0
            +---------+---------+-------+---------+---------+-------
